 Dungeon Crawl Stone Soup version 0.30.1-4-g462c640d31 (webtiles) character file.

Game seed: 4571842460844658035

118845 Amplified the Bludgeoner (level 16, -2/147 HPs)
             Began as a Demonspawn Reaver on Sept 8, 2023.
             Was an Initiate of Gozag.
             Killed from afar by a swamp worm (5 damage)
             ... with a harpoon shot
             ... on level 3 of the Swamp.
             The game lasted 00:54:05 (29290 turns).

Amplified the Bludgeoner (Demonspawn Reaver)       Turns: 29290, Time: 00:54:06

Health: -2/147     AC: 34    Str: 22    XL:     16   Next: 26%
Magic:  28/28      EV:  7    Int: 24    God:    Gozag
Gold:   1419       SH: 11    Dex: 13    Spells: 23/28 levels left

rFire   + . .        x - +7 sceptre of Torment {pain, torment}
rCold   . . .        C - +2 kite shield {rPois}
rNeg    . . .        p - +10 plate armour "Regeutic" {Str+3 Int+4}
rPois   +            n - +1 hat {Int+3}
rElec   .            E - +1 cloak
rCorr   +            o - +2 pair of gloves
SInv    +            i - +2 pair of boots
Will    +....        B - amulet of the acrobat Stlth
                     f - ring of resist corrosion
HPRegen 2.44/turn    K - ring of see invisible
MPRegen 0.21/turn

%: acrobat
@: gold aura
A: antennae 2, molten scales 3, powered by death 2, robust 1, demonic magic 3,
thin skeletal structure 1, deformed body, high MP 1, screaming 1
a: Renounce Religion, Potion Petition, Call Merchant, Bribe Branch


You were on level 3 of the Swamp.
You worshipped Gozag.
Gozag was most pleased with you.
You visited 5 branches of the dungeon, and saw 26 of its levels.
You also visited: Volcano.

You collected 8098 gold pieces.
You spent 3140 gold pieces at shops.
You paid 3539 gold pieces to Gozag.

Inventory:

Hand Weapons
 g - the +2 eveningstar of Donlat {freeze, MP-9 Dex+4}
   (You acquired it on level 2 of the Dungeon)

   Dex:       It affects your dexterity (+4).
   MP:        It affects your magic capacity (-9).
 s - a +2 broad axe of flaming
 x - the +7 sceptre of Torment (weapon) {pain, torment}
   (You acquired it on level 8 of the Dungeon)
 D - a -1 demon whip of venom
Missiles
 c - 45 poisoned darts (quivered)
Armour
 i - a +2 pair of boots (worn)
 n - a +1 hat of intelligence (worn)
 o - a +2 pair of gloves (worn)
 p - the +10 plate armour "Regeutic" (worn) {Str+3 Int+4}
   (You bought it in a shop on level 2 of the Orcish Mines)

   Str:       It affects your strength (+3).
   Int:       It affects your intelligence (+4).
 C - a +2 kite shield of poison resistance (worn)
 E - a +1 cloak (worn)
 F - a +2 ring mail of fire resistance
Jewellery
 f - a ring of resist corrosion (left hand)
 m - a ring of flight
 y - a ring of poison resistance
 B - an amulet of the acrobat (around neck)
 K - a ring of see invisible (right hand)
 R - an amulet of magic regeneration
Wands
 b - a wand of digging (5)
 j - a wand of flame (8)
 J - a wand of light (3)
 L - a wand of paralysis (14)
 P - a wand of mindburst (7)
 Q - a wand of polymorph (4)
Scrolls
 a - 7 scrolls of fog
 d - 3 scrolls of immolation
 e - a scroll of magic mapping
 k - a scroll of silence
 r - 4 scrolls of brand weapon
 v - 3 scrolls of enchant weapon
 w - 3 scrolls of amnesia
 z - 5 scrolls of poison
 A - a scroll of fear
 G - 6 scrolls of identify
 H - 13 scrolls of teleportation
 O - 2 scrolls of butterflies
Potions
 h - 3 potions of degeneration
 q - 8 potions of brilliance
 t - 4 potions of cancellation
 u - 10 potions of curing
 I - 2 potions of magic
 M - a potion of haste
 S - a potion of ambrosia
 T - a potion of mutation
Miscellaneous
 l - a lightning rod (4/4)


   Skills:
 * Level 14.7 Fighting
 - Level 16.1 Maces & Flails
 - Level 11.1 Armour
 - Level 4.6 Dodging
 * Level 3.7 Shields
 * Level 6.9 Spellcasting
 - Level 5.1 Conjurations
 * Level 4.5 Necromancy
 - Level 13.3 Transmutations


You had 23 spell levels left.
You knew the following spells:

 Your Spells              Type           Power      Damage    Failure   Level
a - Kiss of Death         Conj/Necr      100%       2d13      28%         1
b - Apportation           Tloc           16%        N/A       91%         1
c - Frozen Ramparts       Ice            16%        1d3       99%         3

Your spell library contained the following spells:

 Spells                   Type           Power      Damage    Failure   Level
 Passwall                 Tmut/Erth      33%        N/A       21%         2
 Magic Dart               Conj           100%       1d8       26%         1
 Searing Ray              Conj           66%        2d6       36%         2
 Foxfire                  Conj/Fire      80%        2x1d8     58%         1
 Momentum Strike          Conj/Tloc      40%        3d9       73%         2
 Ice Form                 Ice/Tmut       40%        N/A       80%         4
 Cigotuvi's Dreadful Rot  Necr/Pois/Air  30%        N/A       86%         2
 Freeze                   Ice            32%        1d5       91%         1
 Hailstorm                Conj/Ice       20%        3d6       91%         3
 Call Imp                 Summ           16%        N/A       97%         2
 Ensorcelled Hibernation  Hex/Ice        16%        N/A       97%         2
 Poisonous Vapours        Pois/Air       16%        N/A       97%         2
 Mephitic Cloud           Conj/Pois/Air  16%        N/A       97%         3
 Dispel Undead            Necr           30%        3d14      97%         4
 Alistair's Intoxication  Tmut/Pois      26%        N/A       98%         5
 Ozocubu's Armour         Ice            8%         N/A       99%         3
 Swiftness                Air            8%         N/A       99%         3
 Vhi's Electric Charge    Tloc/Air       16%        N/A       99%         3
 Fulminant Prism          Conj/Hex       10%        3d9       100%        4
 Summon Ice Beast         Ice/Summ       8%         N/A       100%        4
 Arcjolt                  Conj/Air       10%        1d20      100%        5
 Fireball                 Conj/Fire      10%        3d6       100%        5
 Freezing Cloud           Conj/Ice/Air   8%         6-21      100%        5
 Iskenderun's Battlesphe  Conj           33%        2d9       100%        5
 Summon Forest            Summ/Tloc      4%         N/A       100%        5
 Conjure Ball Lightning   Conj/Air       10%        3x3d6     100%        6
 Death Channel            Necr           15%        N/A       100%        6
 Eringya's Noxious Bog    Tmut/Pois      20%        N/A       100%        6
 Plasma Beam              Fire/Air       4%         2x1d15    100%        6
 Starburst                Conj/Fire      10%        6d5       100%        6
 Orb of Destruction       Conj           16%        9d7       100%        7
 Ozocubu's Refrigeration  Ice            4%         4d8       100%        7
 Summon Hydra             Summ           4%         N/A       100%        7
 Maxwell's Capacitive Co  Air            4%         ∞         100%        8


Dungeon Overview and Level Annotations

Branches:
Dungeon (15/15)            Temple (1/1) D:5            Lair (5/5) D:8
  Swamp (3/4) Lair:2        Snake (0/4) Lair:2        Slime (0/5) Lair:5
    Orc (2/2) D:10            Elf (0/3) Orc:2        Vaults (0/5) D:14
 Depths (0/4) D:15        Volcano (visited)

Altars:
Ashenzari
Cheibriados
Dithmenos
Fedhas
Gozag
Hepliaklqana
Kikubaaqudgha
Makhleb
Nemelex Xobeh
Okawaru
Qazlal
Ru
Sif Muna
Trog
Uskayaw
Vehumet
Wu Jian
Xom
Yredelemnul
Jiyva
Lugonu

Shops:
D:9 (   D:11 ?   D:14 ?   Orc:1 :   Orc:2 **([*

Portals:
Abyss: Swamp:2

Annotations:
Orc:2 2 transporters, Peloso's ghost, journeyman MiFi


Innate Abilities, Weirdness & Mutations

You have a pair of antennae on your head.
You are completely covered in molten scales. (AC +4, rF+)
You regenerate health from kills.
You are robust. (+10% HP)
Spells you cast and wands you use may paralyse nearby enemies.
You have a somewhat thin skeletal structure. (Dex +2, Stealth+)
Armour fits poorly on your strangely shaped body.
You have an increased reservoir of magic. (+10% MP)
You occasionally shout uncontrollably at your foes.


Message History

The fenstrider witch kicks you. You block the swamp worm's attack.
You sock the swamp worm!
The swamp worm writhes in agony.
The swamp worm is almost dead.
You block the bunyip's attack. x2
The bunyip claws you but does no damage.
The swamp worm barely misses you.
The fenstrider witch hits you but does no damage.
The fenstrider witch kicks you.
You completely miss the swamp worm.
The swamp worm is almost dead.
You block the fenstrider witch's attack.
The fenstrider witch completely misses you.
The swamp worm bites you.
Unknown command.
You closely miss the swamp worm.
The swamp worm is almost dead.
The fenstrider witch points at you and mumbles some strange words.
Your body is wracked with pain!
* * * LOW HITPOINT WARNING * * *
The swamp worm closely misses you.
Unknown command.
Unknown command.
You hit the swamp worm.
The fenstrider witch convulses!
The swamp worm convulses!
The bunyip convulses!
You kill the swamp worm!
The fenstrider witch barely misses you.
You block the fenstrider witch's attack.
Unknown command.
Unknown command.
You bludgeon the fenstrider witch!!
You kill the fenstrider witch!
The bunyip claws you!!
* * * LOW HITPOINT WARNING * * *
The bunyip claws you!
* * * LOW HITPOINT WARNING * * *
You block the bunyip's attack.
The swamp worm fires a harpoon shot at you.
The harpoon shot hits you.
You die...
Your body crumbles into a pile of gold.

.~~~.♣♣♣♣♣..♣♣~.
.~~§..~♣.§~~~♣§.
~♣♣...~~~~~.~~~~~.~♣
...w~~..~~§~~~~~~.§
~~~~~.~~~~~...~~.♣♣
~~§~~~.~~~$♣~..~~.♣♣♣
§~~~~~~~~~~~~.~~~~^~♣
~~~..~~~~~.~~.$~~~♣
~~~....~~w~~~$@...♣
~~..~~.<~~~~~x.§♣♣♣
~.<.~~~)..~~~..♣♣
~~♣.~~~.~.$~.♣♣♣
~...~§.~♣.~..♣
....!.[♣♣♣♣♣♣♣
~♣...[~ ♣♣~~). ~♣~♣♣


You could see a bunyip and a swamp worm.

Vanquished Creatures
  Gastronok (Lair:2)
  2 fenstrider witches
  Donald (Swamp:2)
  Louise (Swamp:2)
  A stone giant (D:15)
  3 eleionomae
  A red draconian (Volcano)
  2 bunyips (Swamp:1)
  A dire elephant (Lair:5)
  Snorg (D:11)
  The ghost of Kazma the Nimble, a journeyman GnGl of Okawaru (Lair:1)
  8 hydras
  Harold (D:11)
  Erolcha (D:13)
  8 vault guards (D:14)
  2 ogre magi
  2 ghost crabs
  A merfolk avatar (Lair:5)
  3 centaur warriors
  5 alligators
  5 boulder beetles
  14 two-headed ogres
  2 orc high priests
  7 tengu warriors
  The ghost of Onni the Grappler, a novice TrFi of Okawaru (D:7)
  5 skysharks
  8 skeletal warriors
  Amaemon (Lair:3)
  A spriggan druid (Swamp:1)
  A goliath frog (Swamp:1)
  A bog body (Swamp:2)
  2 swamp dragons
  A harpy (Lair:5)
  A wizard (D:15)
  Pikel (D:4)
  2 deep elf pyromancers
  9 orc knights
  An orc sorcerer (Orc:2)
  9 cyclopes
  3 will-o-the-wisps
  2 elephants (Lair:5)
  6 ugly things
  5 manticores
  Maurice (D:9)
  An orange demon (Lair:3)
  2 molten gargoyles (Volcano)
  2 black mambas
  Maggie (D:9)
  A gargoyle (D:13)
  2 rime drakes
  12 cane toads
  4 komodo dragons
  2 tengu conjurers
  An efreet (D:15)
  9 trolls
  3 polar bears
  5 tyrant leeches
  3 hornets
  2 wind drakes (Lair:5)
  A spectral dream sheep (Lair:2)
  A spectral lindwurm (Lair:2)
  5 slime creatures (D:15)
  A snapping turtle (Lair:5)
  14 blink frogs
  Sigmund (D:5)
  A vampire (D:13)
  3 spriggans
  A spriggan (shapeshifter) (D:14)
  10 wyverns
  2 fire bats (Volcano)
  4 wraiths
  Eustachio (D:4)
  2 spectral komodo dragons (Lair:2)
  27 yaks
  5 basilisks
  5 steam dragons
  9 vampire mosquitoes
  2 nagas (Lair:2)
  8 wargs
  7 swamp worms
  2 acid dragons
  9 water moccasins
  A spectral yak (Lair:2)
  3 black bears
  36 orc warriors
  A sky beast (D:7)
  3 ice beasts
  A swamp drake (Swamp:2)
  14 centaurs
  9 ogres
  22 wolves
  3 phantoms (D:7)
  3 kobold brigands
  7 bullfrogs
  2 gnoll sergeants
  6 scorpions
  9 wights
  5 killer bees (D:8)
  3 howler monkeys (D:14)
  An electric eel (Lair:3)
  5 lava snakes (Volcano)
  3 hounds
  2 jellies (D:5)
  17 orc priests
  4 iguanas
  9 orc wizards
  8 adders
  15 gnolls
  2 ufetubi
  3 worms (D:2)
  3 dart slugs
  79 orcs
  6 ball pythons
  6 bats
  9 endoplasms
  3 giant cockroaches
  6 goblins
  6 hobgoblins
  4 jackals (D:1)
  3 quokkas
  2 frilled lizards
  32 kobolds
  7 rats
  A lurking horror (Swamp:2)
670 creatures vanquished.

Vanquished Creatures (others)
  An eleionoma (Swamp:1)
  A swamp dragon (Swamp:3)
  A will-o-the-wisp (Swamp:1)
  2 bloated husks (Swamp:1)
  An orc wizard (D:5)
  26 foxfires
  A lurking horror (Swamp:2)
33 creatures vanquished.

Grand Total: 703 creatures vanquished

Notes
Turn   | Place    | Note
-------+----------+-------------------------------------------
     0 | D:1      | Amplified the Demonspawn Reaver began the quest for the
                  | Orb.
     0 | D:1      | Reached XP level 1. HP: 16/16 MP: 3/3
   289 | D:1      | Gained mutation: You regenerate a little health from kills.
                  | [demonic ancestry]
   289 | D:1      | Reached XP level 2. HP: 22/22 MP: 5/5
   354 | D:1      | Reached skill level 3 in Maces & Flails
  1199 | D:2      | Reached XP level 3. HP: 25/28 MP: 6/6
  1904 | D:2      | Identified a scroll of acquirement
  1905 | D:2      | Acquired the +2 eveningstar of Donlat {freeze, MP-9 Dex+4}
  2041 | D:2      | Gained mutation: You are partially covered in molten
                  | scales. (AC +2) [demonic ancestry]
  2041 | D:2      | Reached XP level 4. HP: 35/35 MP: 0/7
  2133 | D:3      | Found a shimmering blue altar of Sif Muna.
  2753 | D:4      | Gained mutation: You have a pair of small antennae on your
                  | head. [demonic ancestry]
  2753 | D:4      | Reached XP level 5. HP: 41/41 MP: 0/8
  2973 | D:4      | Noticed Pikel
  2973 | D:4      | Noticed a lemure
  2976 | D:4      | Noticed a lemure
  3005 | D:5      | Entered Level 5 of the Dungeon
  3053 | D:5      | Reached skill level 4 in Maces & Flails
  3090 | D:6      | Noticed an ice beast
  3097 | D:6      | Killed an ice beast
  3098 | D:6      | Gained mutation: You are mostly covered in molten scales.
                  | (AC +3) [demonic ancestry]
  3098 | D:6      | Reached XP level 6. HP: 32/48 MP: 0/9
  3272 | D:6      | Reached skill level 5 in Conjurations
  3713 | D:6      | Gained mutation: You have a pair of antennae on your head.
                  | [demonic ancestry]
  3713 | D:6      | Reached XP level 7. HP: 55/55 MP: 1/10
  3741 | D:6      | Reached skill level 1 in Armour
  4144 | D:5      | Reached skill level 5 in Fighting
  4180 | D:5      | Identified the +0 dagger "Axeof" {flame, rCorr MP+9 Dex-2}
  4187 | D:5      | Reached skill level 5 in Maces & Flails
  4283 | D:5      | Found a staircase to the Ecumenical Temple.
  4294 | D:5      | Noticed Sigmund
  4318 | D:5      | Killed Sigmund
  4319 | D:5      | Reached XP level 8. HP: 64/64 MP: 2/11
  4338 | Temple   | Entered the Ecumenical Temple
  4519 | Temple   | Became a worshipper of Gozag Ym Sagoz the Greedy
  5116 | D:4      | Noticed Eustachio
  5118 | D:4      | Reached skill level 6 in Maces & Flails
  5146 | D:4      | Killed Eustachio
  5331 | D:4      | Found a blossoming altar of Fedhas.
  5533 | D:4      | Killed Pikel
  5941 | D:7      | Noticed a cyclops
  6059 | D:8      | Reached XP level 9. HP: 50/72 MP: 3/12
  6079 | D:8      | Gained mutation: You do not regenerate when monsters are
                  | visible. [potion of mutation]
  6359 | D:7      | Killed a cyclops
  6360 | D:7      | Reached skill level 7 in Maces & Flails
  6360 | D:7      | Reached skill level 5 in Armour
  6360 | D:7      | Noticed Onni's ghost (novice TrFi)
  6361 | D:7      | Noticed a troll
  6376 | D:7      | Found a runed translucent gate.
  6376 | D:7      | Found a runed translucent gate.
  6377 | D:7      | Found a runed translucent gate.
  7752 | D:8      | Reached skill level 8 in Maces & Flails
  7763 | D:8      | Gained mutation: You are completely covered in molten
                  | scales. (AC +4, rF+) [demonic ancestry]
  7763 | D:8      | Reached XP level 10. HP: 51/82 MP: 4/13
  8121 | D:8      | Found a staircase to the Lair.
  8185 | D:8      | Acquired the +7 sceptre of Torment {pain, torment}
  8185 | D:8      | Found the +7 sceptre of Torment {pain, torment}
  8526 | D:8      | HP: 3/83 [kobold/+0 whip (3)]
  8819 | D:8      | Noticed a cyclops
  8840 | D:8      | Killed a cyclops
  9043 | D:8      | Identified the +6 shortbow "Ylabrud" {flame, Str+7 Dex+4
                  | Stlth-}
  9086 | D:8      | Reached skill level 9 in Maces & Flails
  9272 | D:9      | Noticed Maggie
  9275 | D:8      | Reached skill level 12 in Maces & Flails
  9275 | D:8      | Gained mutation: Spells you cast may paralyse adjacent
                  | enemies. [demonic ancestry]
  9275 | D:8      | Reached XP level 11. HP: 89/89 MP: 14/14
  9815 | D:9      | Lost mutation: You do not regenerate when monsters are
                  | visible. [potion of mutation]
  9815 | D:9      | Gained mutation: You are occasionally teleported next to
                  | monsters. [potion of mutation]
  9815 | D:9      | Gained mutation: Your mind is acute. (Int +4, Str/Dex -1)
                  | [potion of mutation]
  9866 | D:9      | Killed Maggie
  9867 | D:9      | Reached skill level 10 in Fighting
  9954 | D:9      | Found a burning altar of Makhleb.
 10140 | D:9      | Found Goynk's Firing Range.
 10144 | D:9      | Bought a throwing net for 45 gold pieces
 10265 | D:9      | Noticed Maurice
 10277 | D:9      | Killed Maurice
 10536 | D:10     | Entered Level 10 of the Dungeon
 10557 | D:10     | Noticed a two-headed ogre
 10685 | D:10     | Found a staircase to the Orcish Mines.
 10690 | D:10     | Found a hazy altar of Hepliaklqana.
 10728 | D:10     | Killed a two-headed ogre
 10729 | D:10     | Gained mutation: Spells you cast may paralyse nearby
                  | enemies. [demonic ancestry]
 10729 | D:10     | Reached XP level 12. HP: 81/97 MP: 15/15
 10970 | D:10     | Noticed a two-headed ogre
 10980 | D:10     | Killed a two-headed ogre
 11544 | D:11     | Noticed a boulder beetle
 11549 | D:11     | Killed a boulder beetle
 11652 | D:11     | Reached skill level 13 in Maces & Flails
 11662 | D:11     | Noticed a two-headed ogre
 11681 | D:11     | Killed a two-headed ogre
 11733 | D:11     | Noticed Snorg
 11744 | D:11     | Killed Snorg
 11888 | D:11     | Noticed Harold
 11902 | D:11     | Killed Harold
 12480 | D:11     | Bought a scroll of teleportation for 51 gold pieces
 12480 | D:11     | Bought a scroll of enchant armour for 127 gold pieces
 13610 | Orc:1    | Entered Level 1 of the Orcish Mines
 13610 | Orc:1    | Noticed a walking divine tome
 13610 | Orc:1    | Noticed a walking divine tome
 13610 | Orc:1    | Found Quijao's Book Shop.
 13718 | Orc:1    | Noticed a two-headed ogre
 13753 | Orc:1    | Noticed a two-headed ogre
 13965 | Lair:1   | Entered Level 1 of the Lair of Beasts
 13970 | Lair:1   | Found a runed translucent door.
 13976 | Lair:1   | Noticed Kazma's ghost (journeyman GnGl)
 14206 | Lair:1   | Gained mutation: You regenerate health from kills. [demonic
                  | ancestry]
 14206 | Lair:1   | Reached XP level 13. HP: 85/107 MP: 16/16
 14597 | Lair:1   | Identified the +5 short sword "Neutidor" {holy, *Rage Fly
                  | rPois Dex+6}
 14866 | Lair:1   | Killed Kazma's ghost
 14878 | Lair:1   | Lost mutation: Your mind is acute. (Int +4, Str/Dex -1)
                  | [potion of mutation]
 14878 | Lair:1   | Lost mutation: You are occasionally teleported next to
                  | monsters. [potion of mutation]
 14878 | Lair:1   | Gained mutation: Armour fits poorly on your strangely
                  | shaped body. [potion of mutation]
 14878 | Lair:1   | Gained mutation: Your muscles are strong. (Str +4, Int/Dex
                  | -1) [potion of mutation]
 14878 | Lair:1   | Gained mutation: Your flesh is heat resistant. (rF+)
                  | [potion of mutation]
 14880 | Lair:1   | Lost mutation: Your flesh is heat resistant. (rF+) [potion
                  | of mutation]
 14880 | Lair:1   | Lost mutation: Your muscles are strong. (Str +4, Int/Dex
                  | -1) [potion of mutation]
 14880 | Lair:1   | Gained mutation: You have an increased reservoir of magic.
                  | (+10% MP) [potion of mutation]
 14880 | Lair:1   | Gained mutation: You occasionally shout uncontrollably at
                  | your foes. [potion of mutation]
 14880 | Lair:1   | Gained mutation: You have a somewhat thin skeletal
                  | structure. (Dex +2, Stealth+) [potion of mutation]
 15209 | Lair:2   | Noticed Gastronok
 15225 | Lair:2   | Killed Gastronok
 15226 | Lair:2   | Reached skill level 14 in Maces & Flails
 15474 | Lair:2   | Found a staircase to the Swamp.
 15682 | Lair:2   | Found a staircase to the Snake Pit.
 16490 | D:11     | Bought a scroll of acquirement for 884 gold pieces
 16490 | D:11     | Bought a scroll of magic mapping for 127 gold pieces
 16490 | D:11     | Bought a scroll of fog for 68 gold pieces
 16490 | D:11     | Acquired a manual of Transmutations
 16605 | Lair:3   | Reached skill level 1 in Transmutations
 16741 | Lair:3   | Found a dark tunnel.
 16745 | Lair:3   | Noticed Amaemon
 16774 | Lair:3   | Killed Amaemon
 16791 | Volcano  | Entered a volcano
 16943 | Volcano  | Found a radiant altar of Vehumet.
 16956 | Volcano  | Reached skill level 5 in Transmutations
 16966 | Volcano  | Noticed a red draconian
 17042 | Volcano  | Killed a red draconian
 17712 | Lair:4   | Reached skill level 15 in Maces & Flails
 18233 | Lair:4   | Learned a level 1 spell: Apportation
 18237 | Lair:4   | Learned a level 3 spell: Frozen Ramparts
 18391 | Lair:4   | Gained mutation: Spells you cast and wands you use may
                  | paralyse nearby enemies. [demonic ancestry]
 18391 | Lair:4   | Reached XP level 14. HP: 68/116 MP: 18/18
 18625 | Lair:5   | Entered Level 5 of the Lair of Beasts
 19356 | Lair:5   | Found a staircase to the Slime Pits.
 19357 | Lair:5   | Found a viscous altar of Jiyva.
 20272 | Orc:1    | Reached skill level 10 in Transmutations
 20876 | Orc:2    | Entered Level 2 of the Orcish Mines
 20892 | Orc:2    | Reached skill level 16 in Maces & Flails
 20953 | Orc:2    | Found Pathrees's Antique Armour Emporium.
 20953 | Orc:2    | Found Xobrile's Assorted Antiques.
 21024 | Orc:2    | Found a transporter.
 21027 | Orc:2    | Noticed Peloso's ghost (journeyman MiFi)
 21073 | Orc:2    | Bought a scroll of teleportation for 54 gold pieces
 21073 | Orc:2    | Bought a scroll of teleportation for 54 gold pieces
 21073 | Orc:2    | Bought a scintillating turquoise ring for 90 gold pieces
 21073 | Orc:2    | Identified the ring of Ehoeppil {rPois rF- rC+ Will- SInv}
                  | (You bought it in a shop on level 2 of the Orcish Mines)
 21073 | Orc:2    | Bought a bronze ring for 90 gold pieces
 21084 | Orc:2    | Bought a glowing cloak for 187 gold pieces
 21235 | Orc:2    | Found Oryed's Weapon Shoppe.
 21326 | Orc:2    | Found Fenoyf's Assorted Antiques.
 21356 | Orc:2    | Bought a scroll of enchant armour for 180 gold pieces
 21356 | Orc:2    | Bought a scroll of fear for 96 gold pieces
 21362 | Orc:2    | Found Goic Jim's General Store.
 21395 | Orc:2    | Bought a scroll of magic mapping for 97 gold pieces
 21395 | Orc:2    | Bought a potion of might for 52 gold pieces
 21568 | Orc:2    | Found a staircase to the Elven Halls.
 21743 | Orc:2    | Found a transporter.
 21938 | Orc:2    | Bought a distressingly furry plate armour for 700 gold
                  | pieces
 21938 | Orc:2    | Identified the +10 plate armour "Regeutic" {Str+3 Int+4}
                  | (You bought it in a shop on level 2 of the Orcish Mines)
 22146 | D:13     | Reached skill level 10 in Armour
 22595 | D:13     | Noticed Erolcha
 22599 | D:13     | Killed Erolcha
 22860 | D:14     | Found a gate to the Vaults.
 22876 | D:14     | Gained mutation: You are robust. (+10% HP) [demonic
                  | ancestry]
 22876 | D:14     | Reached XP level 15. HP: 110/136 MP: 21/21
 23102 | D:14     | Found a shadowy altar of Dithmenos.
 23225 | D:14     | Identified the +1 scale mail of Sufficient Contentment
                  | {Dex+2}
 23687 | D:14     | Found a basalt altar of Yredelemnul.
 24187 | D:15     | Entered Level 15 of the Dungeon
 24388 | D:15     | Found a staircase to the Depths.
 24616 | D:15     | Reached skill level 5 in Spellcasting
 24856 | D:15     | Paralysed by something for 5 turns
 25616 | D:14     | Bought a scroll of teleportation for 51 gold pieces
 25616 | D:14     | Bought a scroll of teleportation for 51 gold pieces
 25616 | D:14     | Bought a scroll of fog for 68 gold pieces
 25616 | D:14     | Bought a scroll of butterflies for 68 gold pieces
 25799 | D:7      | Killed Onni's ghost
 26048 | Swamp:1  | Entered Level 1 of the Swamp
 26170 | Lair:3   | Reached skill level 1 in Necromancy
 26223 | Lair:3   | Identified the +3 leather armour of Hopscotch {Str+4 Dex-5}
 26292 | Lair:3   | Reached skill level 1 in Shields
 27532 | Swamp:2  | Found a one-way gate to the infinite horrors of the Abyss.
 27533 | Swamp:2  | Found a corrupted altar of Lugonu.
 27803 | Swamp:2  | Reached XP level 16. HP: 145/147 MP: 27/27
 28026 | Swamp:2  | Noticed Louise
 28053 | Swamp:2  | Killed Louise
 28336 | Swamp:2  | Noticed Donald
 28353 | Swamp:2  | HP: 5/147 [Donald/+3 broad axe of venom (34)]
 28355 | Swamp:2  | Killed Donald
 29290 | Swamp:3  | HP: 3/147 [bunyip (10)]
 29290 | Swamp:3  | Killed from afar by a swamp worm

Illustrated notes

Levels and vault maps discovered:
D:1:      dpeg_arrival_central, layout_basic
D:2:      layout_loops_ring, grunt_decor_arrowhead
D:3:      layout_rooms, nicolae_overflow_crystal_walls
D:4:      layout_basic, lemuel_tele_altar, wad_orctagon, uniq_eustachio,
          uniq_pikel
D:5:      layout_loops_cross, minmay_temple_entry_sparse_star, uniq_sigmund
D:6:      layout_cave_pods
D:7:      kennysheep_spiral_hall, layout_loops_corners, gammafunk_ghost_split,
          grunt_decor_fettered, corexii_leaking_fountain
D:8:      layout_basic, minmay_lair_entry_grove
D:9:      layout_cave_pods, mainiacjoe_overflow_paths,
          nicolae_shop_firing_range, uniq_maurice, uniq_maggie
D:10:     layout_roguey, nicolae_hepliaklqana_hazy_memory, orc_0_dummy
D:11:     hellmonk_destroyed_diamonds, layout_basic, uniq_snorg, uniq_harold
D:12:     nicolae_cairo_tiling, layout_basic
D:13:     layout_small_grid, the_hattery, uniq_erolcha
D:14:     layout_grid_maze, erik_vaults_2, nicolae_dithmenos_the_darkroom,
          yredelemnul_altar_generic
D:15:     grunt_enter_depths_snipers, layout_cave_pods
Temple:   dpeg_five_rooms_temple
Lair:1:   layout_chaotic_city, hellmonk_ghost_happy_afterlife
Lair:2:   layout_hall_layers, nicolae_swamp_entry_spooky,
          guppyfry_snake_entry_garden, chequers_serial_rivers_micro_e,
          uniq_gastronok
Lair:3:   layout_gridlike, nicolae_volcano_entry_two_sided,
          infiniplex_staircase_pool_2, uniq_amaemon
Lair:4:   layout_regular_city, grunt_forest_large_clearing_hut
Lair:5:   gammafunk_lair_ancient_temple, layout_cave_pods, slime_entry_1
Swamp:1:  layout_falls_marsh, evilmike_swamp_ruin_house_3, swamp_pool3
Swamp:2:  layout_basic_swamp, wheals_swamp_sinkhole, swamp_pool1,
          amcnicky_altar_lugonu_corruption, uniq_louise, uniq_donald
Swamp:3:  layout_basic_swamp, evilmike_swamp_ruin_house_2
Orc:1:    layout_caves, serial_shops, nicolae_shop_mannequins,
          minmay_orc_temple_c
Orc:2:    st_orc_town, layout_caves, serial_shops, shop,
          gammafunk_ghost_stat_death

Skill      XL: |  1  2  3  4  5  6  7  8  9 10 11 12 13 14 15 16 |
---------------+-------------------------------------------------+-----
Maces & Flails | 3 4 5 6 8 12 13 15 16 | 16.1
Fighting       | 3 4 5 7 8 9 10 11 12 13 14 | 14.7
Conjurations   | 4 5 |  5.1
Armour         | 2 4 6 7 8 9 10 11 | 11.1
Dodging        | 2 4 |  4.6
Transmutations | 7 12 13 | 13.3
Spellcasting   | 3 6 |  6.9
Necromancy     | 2 4 |  4.5
Shields        | 2 3 |  3.7

Action                     |  1- 3 |  4- 6 |  7- 9 | 10-12 | 13-15 | 16-18 || total
---------------------------+-------+-------+-------+-------+-------+-------++-------
  Melee: Mace              |   155 |       |       |       |       |       ||   155
         Punch             |     3 |     1 |     5 |     3 |    19 |       ||    31
         Eveningstar       |     9 |   115 |   302 |   386 |  1260 |   123 ||  2195
  Throw: Dart              |       |    10 |     1 |     1 |     1 |       ||    13
         Throwing net      |       |       |       |     6 |     5 |       ||    11
 Invoke: Potion Petition   |       |       |       |     2 |     2 |     1 ||     5
         Call Merchant     |       |       |       |     1 |     1 |       ||     2
  Evoke: Wand              |       |     5 |    11 |     4 |    16 |       ||    36
         Lightning rod     |       |       |       |     5 |     2 |       ||     7
    Use: Scroll            |     6 |     6 |     8 |     9 |    10 |     1 ||    40
         Potion            |     1 |     3 |     5 |     7 |    14 |     5 ||    35
   Stab: Paralysed         |       |     1 |     6 |     3 |     2 |       ||    12
         Distracted        |       |       |     2 |     1 |     9 |     1 ||    13
         Held in net/web   |       |       |       |       |     3 |       ||     3
         Invisible         |       |       |       |       |     3 |       ||     3
         Sleeping          |       |       |       |       |     1 |       ||     1
 Armour: Leather armour    |    24 |       |       |       |       |       ||    24
         Scale mail        |    53 |    76 |   169 |   189 |   148 |       ||   635
         Skin              |       |    23 |    10 |       |       |       ||    33
         Ring mail         |       |       |       |       |   216 |       ||   216
         Plate armour      |       |       |       |       |   370 |   127 ||   497
  Dodge: Dodged            |    78 |    77 |   140 |   200 |   708 |    66 ||  1269
  Block: Kite shield       |       |       |       |       |    49 |    88 ||   137
